 Dungeon Crawl Stone Soup version 0.28-a0-655-g4eb62b627b (webtiles) character file.

Game seed: 9703652937184410346

3 Anon1729 the Magician (level 1, 0/13 HPs)
             Began as a Demonspawn Wanderer on Oct 12, 2021.
             Slain by a jackal (3 damage)
             ... on level 1 of the Dungeon.
             The game lasted 00:01:06 (187 turns).

Anon1729 the Magician (Demonspawn Wanderer)          Turns: 187, Time: 00:01:07

Health: 0/13       AC:  2    Str: 12    XL:     1   Next: 41%
Magic:  6/6        EV: 11    Int: 10    God:
Gold:   15         SH:  0    Dex: 15    Spells: 9/10 levels left

rFire   . . .      SeeInvis .   a - +0 dagger
rCold   . . .      Faith    .   (no shield)
rNeg    . . .      Spirit   .   b - +0 robe
rPois   .          Reflect  .   (no helmet)
rElec   .          Harm     .   (no cloak)
rCorr   .          Rampage  .   (no gloves)
Will    .....                   (no boots)
Stlth   ++........              (no amulet)
HPRegen 0.04/turn               (no ring)
MPRegen 0.10/turn               (no ring)

@: no status effects
A: no striking features
a: no special abilities


You were on level 1 of the Dungeon.
You visited 1 branch of the dungeon, and saw 1 of its levels.

You collected 15 gold pieces.

Inventory:

Hand Weapons
 a - a +0 dagger (weapon)
Armour
 b - a +0 robe (worn)
Potions
 c - a potion of curing


   Skills:
 + Level 1.1 Stealth
 - Level 1.0 Shields
 + Level 5.0 Spellcasting
 + Level 2.0 Summonings
 + Level 1.1 Translocations


You had 9 spell levels left.
You knew the following spells:

 Your Spells              Type           Power      Damage    Failure   Level
a - Magic Dart            Conj           8%         1d3       22%         1

Your spell library contained the following spells:

 Spells                   Type           Power      Damage    Failure   Level
 Call Imp                 Summ           6%         N/A       14%         2
 Blink                    Tloc           N/A        N/A       22%         2
 Passwall                 Tmut/Erth      1%         N/A       34%         2
 Slow                     Hex            2%         N/A       34%         2
 Wereblood                Tmut           2%         N/A       34%         2
 Conjure Flame            Conj/Fire      2%         6-21      56%         3
 Mephitic Cloud           Conj/Pois/Air  2%         N/A       56%         3


Dungeon Overview and Level Annotations

Branches:
Dungeon (1/15)

Altars:


Message History

The hobgoblin hits you.
You are too injured to fight recklessly!
You are too injured to fight recklessly!
You are too injured to fight recklessly!
You are too injured to fight recklessly!
You are too injured to fight recklessly!
You are too injured to fight recklessly!
You are too injured to fight recklessly!
You are too injured to fight recklessly!
Casting: Magic Dart (safe; 22% risk of failure)
Confirm with . or Enter, or press ? or * to list all spells.
Aiming: Magic Dart (safe; 22% risk of failure)
Press: ? - help, Shift-Dir - straight line, f - hobgoblin
Aim: a hobgoblin (moderately wounded, 100% to hit)
The magic dart hits the hobgoblin but does no damage.
The hobgoblin is moderately wounded.
The hobgoblin hits you but does no damage.
Casting: Magic Dart (safe; 22% risk of failure)
Confirm with . or Enter, or press ? or * to list all spells.
Aiming: Magic Dart (safe; 22% risk of failure)
Press: ? - help, Shift-Dir - straight line, f/p - hobgoblin
Aim: a hobgoblin (moderately wounded, 100% to hit)
The magic dart hits the hobgoblin but does no damage.
The hobgoblin is moderately wounded.
The hobgoblin hits you.
* * * LOW HITPOINT WARNING * * *
Things that are here:
a +0 club; a goblin corpse The hobgoblin hits you but does no damage.
Found 9 gold pieces.
A jackal comes into view.
The jackal barks!
A jackal comes into view.
A jackal comes into view.
The jackal barks!
You hear a bark!
Found a scroll labelled ESHAM KOSALU.
Found 3 gold pieces.
The jackal barely misses you. The jackal bites you.
You die...

#................)......
###.#.#.#.#.#.#.#.#.#..#
##...................#
#.#.#.#.#.#.#.#.#....
##g..............####
#.#.#.#.#.#.#.#.#
##h............##
#h#.#.#.#.#.#.
##@....... ######.##


You could see 2 jackals and a hobgoblin.

Vanquished Creatures
  A goblin (D:1)
  A quokka (D:1)
  A rat (D:1)
3 creatures vanquished.

Notes
Turn   | Place    | Note
-------+----------+-------------------------------------------
     0 | D:1      | Anon1729 the Demonspawn Wanderer began the quest for the
                  | Orb.
     0 | D:1      | Anon1729 set off with the following items: a +0 dagger, a
                  | +0 robe, a potion of curing; and the following spell
                  | memorised: Magic Dart; and the following spells available
                  | to memorise: Call Imp, Blink, Passwall, Slow, Wereblood,
                  | Conjure Flame, Mephitic Cloud
     0 | D:1      | Reached XP level 1. HP: 13/13 MP: 6/6
   187 | D:1      | Slain by a jackal

Illustrated notes

Levels and vault maps discovered:
D:1:      lightli_arrival_maybe_door_vault, layout_basic,
          ebering_ecumenical_altar_abandoned, roderic_malta_cross, hex_large

Action                   || total
-------------------------++-------
Melee: Dagger            ||    10
 Cast: Magic Dart        ||     2
Armor: Robe              ||     2
Dodge: Dodged            ||     7

Table legend: (Time is in decaauts)
 A = Elapsed time spent in this place.
 B = Non-inter-level travel time spent in this place.
 C = Inter-level travel time spent in this place.
 D = Time resting spent in this place.
 E = Time spent auto-exploring this place.
 F = Levels seen in this place.
 G = Mean time per level.
                   A        B        C        D        E       F      G
               +--------+--------+--------+--------+--------+-----+--------+
         Total |    187 |    187 |      0 |      0 |    101 |   1 |  187.0 |
       Dungeon |    187 |    187 |      0 |      0 |    101 |   1 |  187.0 |
               +--------+--------+--------+--------+--------+-----+--------+

Top non-repeatable levels by time:
     D:1: 187 daAuts
